 Dungeon Crawl Stone Soup version 0.22.1-1-ga44c0e5 (webtiles) character file.

32 Gorglomux the Grave Robber (level 3, 0/19 HPs)
             Began as a Vine Stalker Necromancer on Oct 25, 2018.
             Succumbed to an adder's poison
             ... on level 2 of the Dungeon.
             The game lasted 00:06:27 (1303 turns).

Gorglomux the Grave Robber (VSNe)                   Turns: 1303, Time: 00:06:28

Health: 0/19       AC:  2    Str: 10    XL:     3   Next: 25%
Magic:  2/7        EV: 12    Int: 16    God:
Gold:   21         SH:  0    Dex: 14    Spells: 4/6 levels left

rFire    . . .     SeeInvis .   f - +0 spear
rCold    . . .     Gourm    .   (no shield)
rNeg     . . .     Faith    .   a - +0 robe
rPois    .         Spirit   +   (no helmet)
rElec    .         Reflect  .   (no cloak)
rCorr    .         Harm     .   (no gloves)
MR       .....                  (no boots)
Stlth    ++........             (no amulet)
HPRegen  0.06/turn              (no ring)
MPRegen  0.10/turn              (no ring)

@: lethally poisoned (0 -> -3), very slightly contaminated, invisible
A: fangs 2, magic shield, antimagic bite, no potion heal 3, rot immunity
a: no special abilities


You were on level 2 of the Dungeon.
You were not hungry.

You visited 1 branch of the dungeon, and saw 2 of its levels.

You collected 21 gold pieces.

Inventory:

Hand Weapons
 f - a +0 spear (weapon)
Armour
 a - a +0 robe (worn)
Scrolls
 d - a scroll of teleportation {unknown}
 e - a scroll of identify {unknown}
Potions
 g - a potion of heal wounds
Comestibles
 c - 4 rations
 i - a chunk of flesh


   Skills:
 + Level 2.5 Fighting
 - Level 1.5 Dodging
 - Level 2.4 Stealth
 - Level 2.1 Spellcasting
 - Level 4.0 Necromancy


You had 4 spell levels left.
You knew the following spells:

 Your Spells              Type           Power        Failure   Level  Hunger
a - Pain                  Necr           ##..         4%          1    #......
b - Animate Skeleton      Necr           N/A          4%          1    #......

Your spell library contained the following spells:

 Spells                   Type           Power        Failure   Level  Hunger
 Vampiric Draining        Necr           ##........   12%         3    ###....
 Regeneration             Chrm/Necr      #.........   26%         3    ###....
 Animate Dead             Necr           N/A          36%         4    #####..


Dungeon Overview and Level Annotations

Branches:
Dungeon (2/15)

Altars:


Innate Abilities, Weirdness & Mutations

You have extremely sharp teeth.
When hurt, damage is shared between your health and your magic reserves.
Your bite disrupts and absorbs the magic of your enemies.
Potions cannot restore your health.
You are immune to rotting.


Message History

You are very lightly butt with butt magic!
Unknown butt!
Attack whom?
Press: ? - help, Dir - move target cursor, f/p - adder
Aim: an adder (heavily wounded)
You reach to attack!!!
You skewer the adder like a kebab!
The adder is almost dead! * * * don't die
* * * You feel sick!
Your bat skeleton misses the adder!
Your bat skeleton misses the butt!
The adder barely butts your bat skeleton!
Your bat skeleton misses the adder!
The adder bites your bat skeleton!
Your bat skeleton is destroyed!!!
Attack whom?
Press: ? - help, Dir - move target cursor, f/p - adder
Aim: an adder (almost dead)
You reach to attack!!!
You stick the adder like a pincushion!
You annihilate the butt!!!
Unknown command! rip

####.#####.##.. #
##.##.##.......#
#.#......).##.##..
####.##.##.#####.....
#.......##.# ####.#
#.......# #.#
####.#### #.# #....#
#.# #@##.# #... .#
#.# #.##.##†# #.....#
#......# #.....#
###.##.# #.....#
#.#.#.##.....# #..#
#.......##### #..
##.##.#....##
#...##S....<.....#
.......†..)....


There were no monsters in sight!

Vanquished Creatures
  An adder (D:2)
  A dart slug (D:2)
  3 bats
  2 goblins
  3 hobgoblins (D:1)
  3 jackals (D:1)
  2 kobolds
  3 frilled lizards (D:1)
  3 rats
21 creatures vanquished.

Notes
Turn   | Place    | Note
-------+----------+-------------------------------------------
     0 | D:1      | Gorglomux the Vine Stalker Necromancer began the quest for
                  | the Orb.
     0 | D:1      | Reached XP level 1. HP: 9/9 MP: 4/4
   401 | D:1      | Reached skill level 1 in Fighting
   673 | D:1      | Reached XP level 2. HP: 14/14 MP: 4/6
   814 | D:1      | Learned a level 1 spell: Animate Skeleton
  1278 | D:2      | Reached XP level 3. HP: 15/18 MP: 4/7
  1303 | D:2      | Succumbed to an adder's poison

Skill      XL: |  1  2 |
---------------+-------+-----
Fighting       | 1 2 |  2.5
Dodging        | |  1.5
Stealth        | |  2.4
Spellcasting   | |  2.1
Necromancy     | |  4.0

Action                   || total
-------------------------++-------
Melee: Spear             ||     7
       Bite              ||     1
 Cast: Pain              ||    42
       Animate Skeleton  ||     4
  Use: Potion            ||     2
 Stab: Sleeping          ||     1
  Eat: Chunk             ||     2
Armor: Robe              ||     1
Dodge: Dodged            ||     8
